 Dungeon Crawl Stone Soup version 0.31.0-11-ge490571c62 (webtiles) character file.

Game seed: 3793513874367137252

609 Gadfly the Unbeliever (level 7, -2/52 HPs)
             Began as a Demonspawn Monk on Feb 1, 2024.
             Slain by an ice beast (11 damage)
             ... on level 5 of the Dungeon.
             The game lasted 00:07:26 (3553 turns).

Gadfly the Unbeliever (Demonspawn Monk)             Turns: 3553, Time: 00:07:27

Health: -2/52      AC:  2    Str: 13    XL:     7   Next: 19%
Magic:  0/10       EV: 13    Int: 11    God:
Gold:   195        SH:  0    Dex: 17    Spells: 6/6 levels left

rFire   + .          .
                       - Unarmed
rCold   . . .        (no shield)
rNeg    . . .        a - +0 robe
rPois   .            o - melded +2 hat
rElec   .            (cloak currently unavailable)
rCorr   .            (gloves currently unavailable)
SInv    .            (boots currently unavailable)
Will    .....        d - amulet of guardian spirit
Stlth   +++          e - ring of protection from fire
HPRegen 0.28/turn    (no ring)
MPRegen 0.12/turn

%: guardian spirit
@: beast-form
A: beast (slay +1), horns 1, thin skeletal structure 1, powered by pain 1, spiny
2
a: Begin Untransformation


You were on level 5 of the Dungeon.
You were a hulking beast.
You visited 1 branch of the dungeon, and saw 5 of its levels.

You collected 195 gold pieces.

Inventory:

Missiles
 p - 2 throwing nets
Armour
 a - a +0 robe (worn)
 c - an orb of light
 o - a +2 hat (melded)
Jewellery
 b - an amulet of regeneration
 d - an amulet of guardian spirit (around neck)
 e - a ring of protection from fire (left hand)
Talismans
 f - a beast talisman (active)
Wands
 h - a wand of roots (10) (quivered)
 q - a wand of paralysis (7)
Scrolls
 k - 2 scrolls of blinking
 m - a scroll of brand weapon
 r - a scroll of poison
 s - a scroll of silence {unknown}
 t - a scroll of fear {unknown}
 u - a scroll of acquirement {unknown}
Potions
 g - a potion of cancellation
 i - a potion of curing {unknown}
 j - 3 potions of enlightenment {unknown}
 l - a potion of magic {unknown}
 n - a potion of berserk rage {unknown}


   Skills:
 - Level 3.0 Fighting
 + Level 3.5 Dodging
 * Level 4.3 Unarmed Combat
 * Level 4.4 Invocations
 * Level 3.3 Evocations
 * Level 2.7 Shapeshifting


You had 6 spell levels left.
You didn't know any spells.
Your spell library was empty.

Dungeon Overview and Level Annotations

Branches:
Dungeon (5/15)
 Temple: D:4-7

Altars:
Fedhas
Gozag
Wu Jian
Xom


Innate Abilities, Weirdness & Mutations

You are a hulking beast.
Your limbs bulge with bestial killing power. (Slay +1)
You have a pair of small horns on your head.
You have a somewhat thin skeletal structure. (Dex +2, Stealth+)
You sometimes gain a little power by taking damage.
You are mostly covered in sharp spines.


Message History

The ice beast hits you but does no damage.
The ice beast completely misses you.
You hit the ice beast. Your punch misses the ice beast.
The ice beast is heavily wounded.
The ice beast is struck by your spines. The ice beast hits you.
The ice beast freezes you!
You are too injured to fight recklessly!
You are too injured to fight recklessly!
You are too injured to fight recklessly!
You are too injured to fight recklessly!
You are too injured to fight recklessly!
You are too injured to fight recklessly!
You are too injured to fight recklessly!
You are too injured to fight recklessly!
You are too injured to fight recklessly!
You are too injured to fight recklessly!
You are too injured to fight recklessly!
You are too injured to fight recklessly!
You are too injured to fight recklessly!
You are too injured to fight recklessly!
You hit the ice beast but do no damage.
The ice beast is heavily wounded.
The ice beast is struck by your spines. The ice beast barely misses you.
You hit the ice beast but do no damage.
The ice beast is severely wounded.
The ice beast hits you. The ice beast freezes you!
* * * LOW HITPOINT WARNING * * *
You hit the ice beast. You headbutt the ice beast.
The ice beast is almost dead.
The ice beast misses you.
You hit the ice beast but do no damage. Your headbutt misses the ice beast.
Your punch misses the ice beast.
The ice beast is almost dead.
The ice beast closely misses you.
You closely miss the ice beast. Your headbutt misses the ice beast.
The ice beast is almost dead.
The ice beast hits you.
* * * LOW HITPOINT WARNING * * *
The ice beast freezes you!
You die...

#...# ###.†# #..Y..#
#....# #..l...c##....#
#..S....#.....#
#...l...#....## #.
##.g..W##....###### #.
##...###).####...#####.
########.#####..)[.....
#.....hYl.....#####....
#########.#............
#.#.#.......##.
#.#.#######.... #.#.#
#.##. #.#.# #.##. #.#.#
#####.##. #>#.#
#........ #.#.#
#........


You could see an ice beast and an iguana.

Vanquished Creatures
  A black bear (D:5)
  A phantom (D:5)
  2 scorpions
  2 bombardier beetles
  A jelly (D:4)
  An iguana (D:5)
  8 gnolls
  5 adders
  An ufetubus (D:5)
  A dart slug (D:1)
  3 ribbon worms
  3 orcs
  9 endoplasms
  2 giant cockroaches
  8 goblins
  8 hobgoblins
  5 jackals
  3 quokkas
  7 ball pythons
  6 bats
  5 frilled lizards
  6 kobolds
  5 rats
93 creatures vanquished.

Notes
Turn   | Place    | Note
-------+----------+-------------------------------------------
     0 | D:1      | Gadfly the Demonspawn Monk began the quest for the Orb.
     0 | D:1      | Reached XP level 1. HP: 18/18 MP: 1/1
   180 | D:1      | Gained mutation: You are partially covered in sharp spines.
                  | [demonic ancestry]
   180 | D:1      | Reached XP level 2. HP: 22/24 MP: 2/2
   183 | D:1      | Reached skill level 1 in Invocations
   340 | D:1      | Reached skill level 1 in Evocations
   470 | D:1      | Gained mutation: You are mostly covered in sharp spines.
                  | [demonic ancestry]
   470 | D:1      | Reached XP level 3. HP: 29/29 MP: 4/4
   824 | D:2      | Reached skill level 1 in Shapeshifting
   887 | D:2      | Gained mutation: You have a somewhat thin skeletal
                  | structure. (Dex +2, Stealth+) [demonic ancestry]
   887 | D:2      | Reached XP level 4. HP: 35/35 MP: 5/5
  1425 | D:2      | You fall into a shaft and drop 1 floor!
  1496 | D:3      | Reached XP level 5. HP: 38/41 MP: 6/6
  2039 | D:3      | Found an opulent altar of Gozag.
  2040 | D:3      | Found an ornate altar of the Wu Jian Council.
  2128 | D:3      | Found a blossoming altar of Fedhas.
  2247 | D:3      | Found a shimmering altar of Xom.
  2699 | D:4      | Gained mutation: You sometimes gain a little power by
                  | taking damage. [demonic ancestry]
  2699 | D:4      | Reached XP level 6. HP: 33/47 MP: 5/8
  2716 | D:4      | HP: 2/47 [gnoll/+0 whip (2)]
  3242 | D:5      | Entered Level 5 of the Dungeon
  3373 | D:5      | Gained mutation: You have a pair of small horns on your
                  | head. [demonic ancestry]
  3373 | D:5      | Reached XP level 7. HP: 31/52 MP: 7/10
  3553 | D:5      | Slain by an ice beast

Illustrated notes

Levels and vault maps discovered:
D:1:      minmay_arrival_stone_box, layout_loops_ring,
          hangedman_decor_diamond_cutter
D:2:      layout_rooms
D:3:      layout_loops_ring, nicolae_overflow_hidden_temple,
          gammafunk_temple_overflow_statue, fedhas_altar_fruit_tree
D:4:      layout_basic
D:5:      minmay_opposing_rooms, layout_loops_ring, dreamdust_princess_corridor

Skill      XL: |  1  2  3  4  5  6 |
---------------+-------------------+-----
Invocations    | 1 2 3 4 |  4.4
Unarmed Combat | 3 4 |  4.3
Evocations     | 1 2 3 |  3.3
Shapeshifting  | 1 2 |  2.7
Dodging        | 3 |  3.5
Fighting       | |  3.0

Action                     |  1- 3 |  4- 6 |  7- 9 || total
---------------------------+-------+-------+-------++-------
  Melee: Unarmed           |    65 |   111 |    18 ||   194
         Headbutt          |       |       |     5 ||     5
Ability: Begin Untransform |       |     1 |       ||     1
    Use: Scroll            |     1 |     7 |       ||     8
         Potion            |       |     1 |       ||     1
   Stab: Sleeping          |       |     4 |     1 ||     5
 Armour: Robe              |    21 |    57 |    12 ||    90
  Dodge: Dodged            |    31 |    51 |    12 ||    94
   Form: Beast             |     1 |     2 |       ||     3
                           |       |     1 |       ||     1
